Cogmind - Beta 17 @@@ ROGUE MODE // 2026.07.15 @ 16:43:14 Player: IsAway Result: Destroyed by B-75 Beast with Magnetic Acceleration Cannon Performance ------------- Evolutions (2) 1000 Regions Visited (4) 800 Robots Destroyed (98) 490 Value Destroyed (4773) 4773 Prototype IDs (1) 20 Alien Tech Used (0) 0 Bonus (1196) 1196 TOTAL SCORE: 8279 Bonus ------- High Alert Combat Kills 496 Entered Garrisons 200 Used RIF Installer 500 Cogmind --------- Core Integrity 0/550 Matter 280/300 Energy 95/100 System Corruption 0% Temperature Cool (12) Movement Core (550) Ox10 Location -8/Garrison Parts ------- > --- POWER (1) -------- (None) > --- PROPULSION (3) --- (None) > --- UTILITY (3) ------ Large Storage Unit Improved Target Analyzer Weapon Cycler > --- WEAPON (4) ------- Gatling Laser Segregator Segregator > --- INVENTORY (15) --- Armored Treads Cryofiber Web Huge Storage Unit Improved Target Analyzer Relay Coupler [Grunt] (21) Relay Coupler [Sentry] (17) Relay Coupler [Specialist] (20) Gatling Laser Gauss Rifle Peak State ------------ > --- POWER ------------ Light Nuclear Core > --- PROPULSION ------- Carbon-fiber Leg Carbon-fiber Leg Titanium Leg > --- UTILITY ---------- Cryofiber Web Improved Heat Sink Large Storage Unit > --- WEAPON ----------- Advanced Beam Rifle Advanced Beam Rifle Advanced Beam Rifle Gatling Laser > --- INVENTORY -------- Deuterium Engine Light Nuclear Core Armored Treads Cryofiber Web Cryofiber Web Large Storage Unit Weapon Cycler Advanced Beam Rifle Advanced Beam Rifle Gatling Laser Gatling Laser Gatling Laser Gauss Rifle Great Maul Katana [Rating: 40] Favorites ----------- Power Light Nuclear Core Engine Improved Ion Engine Power Core Light Nuclear Core Propulsion Carbon-fiber Leg Treads Light Treads Leg Carbon-fiber Leg Wheel Armored Huge Wheel Utility Large Storage Unit Device Improved Heat Sink Storage Large Storage Unit Processor Improved Target Analyzer Hackware Hacking Suite Weapon Advanced Beam Rifle Energy Gun Advanced Beam Rifle Ballistic Gun Assault Rifle Impact Weapon Great Maul Slashing Weapon Segregator Build | -11 -10 -9 -8 -8 ------- Run | Yrd Mat Mat Mat Gar Slots Evolved 4 | . . 2 2 . Power . | . . . . . Propulsion 1 | . . . 1 . Utility 1 | . . . 1 . Weapon 2 | . . 2 . . Parts Attached 74 | 7 1 22 17 27 Power 9 | 1 . 2 2 4 Engine 4 | 1 . 1 1 1 Core 5 | . . 1 1 3 Reactor . | . . . . . Propulsion 22 | 2 . 6 5 9 Treads 9 | 2 . 6 1 . Leg 12 | . . . 3 9 Wheel 1 | . . . 1 . Hover . | . . . . . Flight . | . . . . . Utility 16 | 2 1 3 5 5 Device 10 | 1 . 2 3 4 Storage 4 | 1 1 1 1 . Processor 1 | . . . . 1 Hackware 1 | . . . 1 . Protection . | . . . . . Artifact . | . . . . . Weapon 27 | 2 . 11 5 9 Energy Gun 17 | . . 8 4 5 Energy Cannon . | . . . . . Ballistic Gun 7 | 2 . 3 . 2 Ballistic Cannon . | . . . . . Launcher . | . . . . . Special Weapon . | . . . . . Impact Weapon 1 | . . . 1 . Slashing Weapon 2 | . . . . 2 Piercing Weapon . | . . . . . Special Melee Weapon . | . . . . . Unidentified Prototypes 1 | . . 1 . . Parts Lost 33 | . . 9 . 24 Power 7 | . . 2 . 5 Propulsion 11 | . . 3 . 8 Utility 3 | . . . . 3 Weapon 12 | . . 4 . 8 Highest Loss Streak 11 | . . 4 . 11 To Critical Strikes 1 | . . . . 1 Average Backups 13 | 3 8 14 14 13 Power 1 | . 1 1 1 . Propulsion 3 | 1 3 5 2 2 Utility 4 | . . 4 4 4 Weapon 4 | 1 2 2 5 4 Tool/Special . | . . . . . Unused Backups 25 | . . 11 6 8 Power 1 | . . 1 . . Propulsion 7 | . . 3 3 1 Utility 14 | . . 7 1 6 Weapon 2 | . . . 1 1 Tool/Special 1 | . . . 1 . Average Slot Usage (%) 96 | . 100 95 99 95 Engine 3 | . 14 2 5 1 Core 5 | . . 7 3 7 Treads 9 | . 28 21 10 . Leg 15 | . . . 16 25 Device 15 | . 14 10 15 17 Storage 9 | . 14 11 9 9 Energy Gun 26 | . . 24 35 27 Ballistic Gun 5 | . 28 15 . . Impact Weapon 2 | . . . . 5 Peak Build Rating 40 | 9 11 24 40 40 Average Rating 27 | 5 9 17 33 34 On Entrance 16 | . 9 11 23 39 Avg Prop Armor Cover (%) 6 | . . . 6 6 Naked Turns . | . . . . . Heaviest Build 43 | 13 28 38 39 43 Greatest Support 60 | 40 40 46 60 47 Greatest Overweight (x) 10 | 1 . 1 1 10 Average Overweight (x) . | . . . . . Largest Inventory Capacity 15 | 8 15 15 15 15 Average Capacity 14 | 7 10 15 15 15 Most Carried 15 | 5 15 15 15 15 Average Carried 13 | 3 8 14 14 13 Final Capacity 15 | 8 15 15 15 15 Final Carried 15 | 5 15 15 15 9 Class Distribution -------------------- 69% | Scavenger-Gunner 11% | Gunner 10% | Mutant 3% | Skirmisher Dominant Class ---------------- Mutant | -10/Materials Scavenger-Gunner | -9/Materials Scavenger-Gunner | -8/Materials Scavenger-Gunner | -8/Garrison Resources | -11 -10 -9 -8 -8 ----------- Run | Yrd Mat Mat Mat Gar Matter Collected 1699 | 172 110 745 220 452 Remotely . | . . . . . Salvage Created 4073 | 122 219 1250 931 1551 Parts 192 | 7 18 63 41 63 Haulers Intercepted 1 | . . . 1 . Recyclers Shooed 1 | . 1 . . . Parts Field Recycled . | . . . . . Retrieved Matter . | . . . . . Parts Self-Destructed . | . . . . . Prevented . | . . . . . Parts Restored . | . . . . . Kills | -11 -10 -9 -8 -8 ------- Run | Yrd Mat Mat Mat Gar Combat Hostiles Destroyed 83 | . 8 25 18 32 Melee 1 | . . . . 1 Guns 80 | . 8 25 16 31 Classes Destroyed 15 | 2 4 4 3 2 Worker 2 | . . 1 1 . Tunneler 2 | 2 . . . . Hauler 1 | . . . 1 . Recycler 1 | 1 . . . . Operator 3 | . 1 1 1 . Watcher 6 | . 2 3 1 . Swarmer 9 | . 6 . 3 . Saboteur 1 | . . . . 1 Grunt 47 | . 2 17 10 18 Brawler 2 | . . 1 . 1 Duelist 1 | . . 1 . . Sentry 18 | . . 6 3 9 Specialist 1 | . . . . 1 Hunter 3 | . . . 1 2 Heavy 1 | . . . 1 . Best Kill Streak 8 | 3 7 4 5 8 Combat Bots Only 8 | . 6 4 4 8 Max Kills in Single Turn 3 | 1 2 2 2 3 Gunslinging 2 | . 1 . 1 2 Exploded . | . . . . . Melee 1 | . . . . 1 Uniques/NPCs Destroyed . | . . . . . Combat | -11 -10 -9 -8 -8 -------- Run | Yrd Mat Mat Mat Gar Hostile Shots Fired 424 | . 54 128 72 170 Missed 118 | . 17 32 26 43 Hits 306 | . 37 96 46 127 Melee 3 | . . . . 3 Projectile 303 | . 37 96 46 124 Critical Strikes 16 | . . 2 5 9 Damage Taken 4771 | . 371 1188 735 2477 Core 811 | . 44 188 167 412 Absorbed by Shields . | . . . . . Regen/Repaired (Parts) 29 | . . 29 . . Core Remaining (%) 78 | 100 82 53 . . Volleys Fired 222 | 6 27 77 39 73 Largest 4 | 2 2 4 4 4 Hottest 320 | 40 40 243 263 320 Shots Fired 642 | 12 54 235 141 200 Gun 642 | 12 54 235 141 200 Cannon . | . . . . . Launcher . | . . . . . Special . | . . . . . Kinetic 195 | 12 54 117 . 12 Thermal 447 | . . 118 141 188 Explosive . | . . . . . Electromagnetic . | . . . . . Robot Hit Streak 13 | 4 9 11 11 13 Robot Miss Streak 5 | 1 4 4 5 5 Penetration Max . | . . . . . Secondary Targets 25 | . 3 4 5 13 Max Gunslinging Chain 2 | . 1 1 1 2 Shots Hit Robots 381 | 7 28 140 78 128 Core Hits 185 | 4 13 54 38 76 Critical Kills . | . . . . . Critical Parts Destroyed . | . . . . . Critical Strikes 17 | . . 4 8 5 Burn 17 | . . 4 8 5 Melee Attacks 28 | . . . 1 27 Thermal 4 | . . . . 4 Impact 24 | . . . 1 23 Slashing . | . . . . . Piercing . | . . . . . Sneak Attacks . | . . . . . Combat Hostiles . | . . . . . Follow-up Attacks 1 | . . . . 1 Damage Inflicted 6532 | 86 359 1857 1503 2727 Guns 6532 | 86 359 1857 1503 2727 Cannons . | . . . . . Explosions . | . . . . . Melee . | . . . . . Ramming . | . . . . . Kinetic 1208 | 86 359 742 . 21 Thermal 5324 | . . 1115 1503 2706 Explosive . | . . . . . Electromagnetic . | . . . . . Impact . | . . . . . Slashing . | . . . . . Piercing . | . . . . . Highest Corruption 3 | . 3 . . . Average Corruption 1 | . 1 . . . Corruption Purged . | . . . . . Corruption Blocked . | . . . . . Effects 1 | . 1 . . . Message Errors 1 | . 1 . . . Overload Shots . | . . . . . Overflow Damage 69 | . . . . 69 Projectiles . | . . . . . Explosions 69 | . . . . 69 Melee . | . . . . . Knockbacks . | . . . . . Impact . | . . . . . Kinetic . | . . . . . Secondary . | . . . . . Self-Inflicted Damage 155 | . . . . 155 Shots 1 | . . . . 1 Rammed . | . . . . . Targets Rammed . | . . . . . Kicked . | . . . . . Crushed . | . . . . . Highest Temperature 571 | . . 571 486 487 Average Temperature 162 | . . 165 139 170 Received Heat Transfer 2031 | . 66 651 396 918 Effects 23 | . . 14 3 6 Shutdowns 3 | . . 1 1 1 Energy Bleed 6 | . . 4 . 2 Interference 5 | . . 2 2 1 Matter Decay 2 | . . 1 . 1 Damage (minor) 3 | . . 2 . 1 Damage (major) 4 | . . 4 . . Siege Activations . | . . . . . Martial Activations . | . . . . . Shielding Activations . | . . . . . Robots Disrupted . | . . . . . Combat Hostiles . | . . . . . Robots Corrupted . | . . . . . Combat Hostiles . | . . . . . Parts Fried . | . . . . . Impact Corruptions . | . . . . . Robots Melted 2 | . . . 2 . Combat Hostiles 2 | . . . 2 . Parts Melted 29 | . . 3 10 16 Heat Transferred 11914 | . . 2818 3627 5469 Parts Sabotaged 10 | . . . . 10 Parts Stolen . | . . . . . Parts Stripped . | . . . . . Power Chain Reactions . | . . . . . Alert | -11 -10 -9 -8 -8 ------- Run | Yrd Mat Mat Mat Gar Maximum Alert Level 4 | . . 1 1 4 Low Security (%) 41 | 100 100 81 55 1 Level 1 21 | . . 18 44 14 Level 2 8 | . . . . 18 Level 3 20 | . . . . 46 Level 4 8 | . . . . 18 Level 5 . | . . . . . High Security . | . . . . . Max Security . | . . . . . Peak Influence 1400 | 10 147 279 306 1400 Initial 167 | . . 43 109 167 Average 406 | . 66 129 176 744 Influence Increases 2877 | 15 200 717 552 1393 Destroy 0b10 Robot/C 1660 | . 160 500 360 640 Destroy 0b10 Robot/NC 75 | 15 15 25 20 . Destroy Leader 294 | . 24 146 94 30 Successful Hack 27 | . . . 13 14 Disable Machine 120 | . . 45 30 45 Anti-Garrison Action 500 | . . . . 500 Destroy Structure 96 | . 1 1 5 89 Lose Combat Pursuer 105 | . . . 30 75 Influence Decreases 1557 | 15 96 560 556 330 Entered New Map 303 | . . 61 152 90 Time Decay 931 | 15 96 416 404 . Lost Part 323 | . . 83 . 240 Squads Dispatched 9 | . . 6 3 . Investigation 3 | . . 2 1 . Extermination . | . . . . . Reinforcement 6 | . . 4 2 . Assault . | . . . . . Garrison . | . . . . . Intercept . | . . . . . Searches Triggered . | . . . . . Construction Impeded . | . . . . . Haulers Reinforced . | . . . . . Active Scanning Responses . | . . . . . Cargo Convoy Interrupts . | . . . . . Stealth | -11 -10 -9 -8 -8 --------- Run | Yrd Mat Mat Mat Gar Distress Signals 4 | . 2 1 1 . Communications Jammed . | . . . . . Distress Signals . | . . . . . Times Spotted 100 | . 11 29 24 36 Peak Tracking Total 7 | . 5 4 3 7 Tactical Retreats 4 | . . . 2 2 Traps | -11 -10 -9 -8 -8 ------- Run | Yrd Mat Mat Mat Gar Traps Triggered 15 | . 3 2 1 9 Indirectly . | . . . . . Trap Hack Attempts . | . . . . . Triggered . | . . . . . Disarmed . | . . . . . Reprogrammed . | . . . . . Reused . | . . . . . Traps Extracted . | . . . . . Installed . | . . . . . Triggered . | . . . . . Machines | -11 -10 -9 -8 -8 ---------- Run | Yrd Mat Mat Mat Gar Machines Disabled 15 | . . 3 2 10 Max in Single Turn 2 | . . 1 1 2 Garrison Relay 5 | . . . . 5 Phase Generator 1 | . . . . 1 Machines Repaired . | . . . . . Machines Dismantled . | . . . . . Machines Sabotaged . | . . . . . Overloaded Fab Kills . | . . . . . Hacking | -11 -10 -9 -8 -8 --------- Run | Yrd Mat Mat Mat Gar Machines Accessed 12 | . 2 2 4 4 Terminals 9 | . 2 1 2 4 Fabricators . | . . . . . Repair Stations 1 | . . 1 . . Recycling Units 1 | . . . 1 . Scanalyzers . | . . . . . Garrison Access 1 | . . . 1 . Total Hacks 21 | . 3 5 6 7 Successful 7 | . . 3 3 1 Failed 14 | . 3 2 3 6 Catastrophic 2 | . 1 . . 1 Database Lockouts . | . . . . . Manual 3 | . 1 . 2 . Terminals 17 | . 3 3 4 7 Fabricators . | . . . . . Repair Stations 2 | . . 2 . . Recycling Units 1 | . . . 1 . Scanalyzers . | . . . . . Garrison Access 1 | . . . 1 . Terminal Hacks 3 | . . 1 1 1 Emergency Access Points 1 | . . . . 1 Garrison Index 1 | . . . 1 . Locate Traps 1 | . . 1 . . Fabricator Hacks . | . . . . . Repair Station Hacks 2 | . . 2 . . Scan Component 1 | . . 1 . . Repair 1 | . . 1 . . Recycling Unit Hacks 1 | . . . 1 . Report Inventory 1 | . . . 1 . Scanalyzer . | . . . . . Garrison Access Hacks 1 | . . . 1 . Unlock Access 1 | . . . 1 . Unauthorized Hacks . | . . . . . Terminals . | . . . . . Fabricators . | . . . . . Repair Stations . | . . . . . Recycling Units . | . . . . . Scanalyzers . | . . . . . Garrison Access . | . . . . . Data Cores Recovered 2 | . 1 . 1 . Used 2 | . 1 . 1 . Hacking Detections 8 | . 2 1 2 3 Full Trace Events . | . . . . . Feedback Events . | . . . . . Feedback Blocked . | . . . . . Robot Schematics Acquired . | . . . . . Robots Built . | . . . . . Authchips . | . . . . . Time . | . . . . . Total Robot Build Rating . | . . . . . Part Schematics Acquired . | . . . . . Parts Built . | . . . . . Authchips . | . . . . . Time . | . . . . . Total Part Build Rating . | . . . . . Part Studies Acquired . | . . . . . Parts Repaired 1 | . . 1 . . Time 60 | . . 60 . . Parts Recycled . | . . . . . Recycled Matter . | . . . . . Retrieved Matter . | . . . . . Retrieved Components . | . . . . . Parts Scanalyzed . | . . . . . Part Schematics Acquired . | . . . . . Parts Damaged . | . . . . . Bothacking | -11 -10 -9 -8 -8 ------------ Run | Yrd Mat Mat Mat Gar Used RIF Installer 1 | . . . . 1 Robots Hacked . | . . . . . Non-combat . | . . . . . Combat . | . . . . . Robot Hacks Applied . | . . . . . Relay Couplers Released 20 | . . . . 20 Machine Destruction 20 | . . . . 20 Fabnet Peak Effective % . | . . . . . Robots Rewired . | . . . . . Allies Hacked . | . . . . . Hacks Repelled . | . . . . . Allies | -11 -10 -9 -8 -8 -------- Run | Yrd Mat Mat Mat Gar Total Allies . | . . . . . Largest Group . | . . . . . Highest-Rated Group . | . . . . . Highest-Rated Ally . | . . . . . Total Orders . | . . . . . Ally Attacks . | . . . . . Total Damage . | . . . . . Kills . | . . . . . Allies Corrupted . | . . . . . Allies Melted . | . . . . . Intel | -11 -10 -9 -8 -8 ------- Run | Yrd Mat Mat Mat Gar Active Infowar (turns) 424 | 3 274 147 . . Terrain 424 | 3 274 147 . . Robot Analysis Total . | . . . . . Derelict Logs Recovered . | . . . . . Drone Launches . | . . . . . Drone Recoveries . | . . . . . Exploration | -11 -10 -9 -8 -8 ------------- Run | Yrd Mat Mat Mat Gar Turns Passed 4191 | 84 274 1005 967 1861 Spaces Moved 1810 | 38 113 384 462 813 Core 10 | 9 . . . 1 Treads 693 | 29 113 384 167 . Legs 1106 | . . . 294 812 Wheels 1 | . . . 1 . Hover . | . . . . . Flight . | . . . . . Fastest Speed 50 | 50 160 160 115 120 Average Speed 162 | 136 160 160 162 166 Slowest Speed 550 | 160 160 240 240 550 Overloaded Moves . | . . . . . Propulsion Burnouts . | . . . . . Robots Hopped . | . . . . . Potential Cave-ins . | . . . . . Cave-ins Triggered . | . . . . . Exploration Rate (%) 41 | 3 31 48 43 82 Regions Visited 4 Branch Regions . Pre-discovered Areas . | . . . . . Known Exits Taken 1 | . . . 1 . Unknown Exits Taken 3 | 1 1 1 . . Scrap Searched . | . . . . . Spaces Dug 1 | . . . 1 . Terrain Destroyed 85 | . . . 1 84 Melee 1 | . . . 1 . Projectile 1 | . . . . 1 AOE 83 | . . . . 83 Terrain Rammed . | . . . . . Walls Destroyed . | . . . . . Machines Disabled . | . . . . . Actions | -11 -10 -9 -8 -8 --------- Run | Yrd Mat Mat Mat Gar Total 2534 | 55 153 624 588 1114 Wait 235 | . 2 98 27 108 Move 1806 | 37 112 383 461 813 Hop . | . . . . . Pick Up 61 | 5 10 18 11 17 Fast Attach 37 | 7 . 10 12 8 Attach 32 | . . 7 3 22 Detach 1 | . . 1 . . Swap 31 | . 1 8 8 14 Drop 57 | . 1 22 26 8 Fire 222 | 6 27 77 39 73 Melee 27 | . . . 1 26 Ram . | . . . . . Kick . | . . . . . Crush . | . . . . . Escape Stasis 25 | . . . . 25 Rewire . | . . . . . Trap . | . . . . . Miscellaneous . | . . . . . Route ------- -11/Scrapyard -10/Materials -9/Materials (discovered 3 exits: *Mat x2 / [*Min]) -8/Materials -8/Garrison (discovered 2 exits: [*Fac x2]) History --------- Turn | Location | Event 10 | -11/Scrapyard | Discovered new exit (range 15) 85 | -11/Scrapyard | Entered Materials 290 | -10/Materials | Discovered new exit (range 10) 301 | -10/Materials | Build established: Mutant 359 | -10/Materials | Entered another Materials area 359 | -9/Materials | Evolved 2 slots: Weapon x2 511 | -9/Materials | Lost 4 parts (1p2n1w) 676 | -9/Materials | Lost 3 parts (1n2w) 709 | -9/Materials | Discovered new exit (range 16) 858 | -9/Materials | Discovered new exit (range 8) 1016 | -9/Materials | Build established: Scavenger-Gunner 1180 | -9/Materials | Repaired Adv. Beam Rifle 1319 | -9/Materials | Discovered new exit (range 15) 1364 | -9/Materials | Entered another Materials area 1364 | -8/Materials | Evolved 2 slots: Propulsion x1, Utility x1 2321 | -8/Materials | Identified exit to Garrison 2331 | -8/Materials | Entered Garrison 2424 | -8/Garrison | Triggered checkpoint 2473 | -8/Garrison | Garrison Relay disabled 2635 | -8/Garrison | Triggered checkpoint 2660 | -8/Garrison | Build established: Gunner 2736 | -8/Garrison | Lost 4 parts (1p3w) 2782 | -8/Garrison | Triggered checkpoint 2786 | -8/Garrison | Core integrity fell below 50% 2840 | -8/Garrison | Lost 6 parts (1p2n1u2w) 2842 | -8/Garrison | Destroyed 8 combat bots 2953 | -8/Garrison | Triggered checkpoint 2977 | -8/Garrison | Garrison Relay disabled 3109 | -8/Garrison | Build established: Scavenger-Gunner 3111 | -8/Garrison | Discovered new exit (range 10) 3274 | -8/Garrison | Installed Relay Interface Framework 3325 | -8/Garrison | Triggered checkpoint 3456 | -8/Garrison | Garrison Relay disabled 3497 | -8/Garrison | Discovered new exit (range 12) 3581 | -8/Garrison | Triggered checkpoint 3691 | -8/Garrison | Triggered checkpoint 3814 | -8/Garrison | Garrison Relay disabled 3829 | -8/Garrison | Garrison Relay disabled 3843 | -8/Garrison | Triggered checkpoint 4138 | -8/Garrison | Phase Generator disabled 4138 | -8/Garrison | Spotted B-75 Beast 4174 | -8/Garrison | Core integrity fell below 20% 4192 | -8/Garrison | Destroyed by B-75 Beast with Magnetic Acceleration Cannon Last Messages --------------- Machine disabled. [Achievement: Let Me Out Of Here] B-75 Beast springs to life. Carbon-fiber Leg destroyed. The unstable cave ceiling collapses. Gatling Laser destroyed. The unstable cave ceiling collapses. Aluminum Leg destroyed. Gatling Laser destroyed. The unstable cave ceiling collapses. Knocked back. Lgt. Nuclear Core destroyed. Knocked back. Critical hit (Destroy). Aluminum Leg destroyed. Segregator follow-up attack on B-75 Beast. Imp. Carbon-fiber Leg destroyed. Great Maul destroyed. Critical hit (Blast). Knocked back. Map ----- +----------------------------------------------------+ | ????????????#####????????# #??????# ######## #? | | ?????????????????????????# #??????# [## [%!## #? | | ?????????????????????????# #?????##% ## ==%## ## | | ?????????????????????????# %####### %% !== # | | ?????????????????????????# | | ?????????????????????????# !% [%! | | ?????????????????????????########## ## ## # | | ????????????????????????????????### ## ## # | | ????????????????????????????????# !% | | ???????????????????##???????????#%! | | ??????????????###### ############ [ | | ?????????????## # # " =% = | | ?????????????# ####### ## !%## # | | ?????????????# # #?????# ## !## # | | ???????????#### # #?????# | | ???????????# #?????# | | ???????????## ####### # | | ???????????# ^^## ###### | | ?????????????#" #?????# ## #????? | | ####?????????# #?????# ^ #######????? | | #""#?????????# #?????# #??????????? | | # T#?????????## ####??# #??????????? | | # "#?????????# #??# #??????????? | | # ##?????????### # # # #??# #??????????? | | # ################## #####BB####### #??????????? | | = = % =% % @BB #????#####?? | | = = ==%* #????#"T"### | | =#### "%#### % % #????#" | | ! #??# "#??# ######### ;###########????###### | | ! #??######??# #???????# #???????????????????# | | ##???# #???# #???????# #???????????????????#% | | T#???# #???# #???????# #???????????????????# | | ##???# #???# #???????# #???????????????????# | | #????# ##### #???????# #???????????????????# | | #????# " #???????# #???????????????????# | | ! #????# ##### #???????# #???????????????????# | | #????# #???# #???????# ####????????????????# | | #????# #???# #?????### # #####????????????# | | #??###"##??# #?????# #= # ##%#??????????### | | #??# #??# ######### # # #*#??????????#"# | | #### #### " [#??????????#"! | | = == ######## * #??????????#!! | | [% #??????# !% ## #??????????#"! | | ############## #??????####### ## #??????????#"# | | ?????????????# #????????##??#### ###????????#### | | ?????????????# #?????????????# /= !#???????????? | | ?????????????# #?????????????#!! !!#??????????#? | | ????????????? #?????????????# #???????????? | | ???????????? #?????????????#]] ]]#????????+??? | | ???????????? #?????????????#]] ]]#???????????? | +----------------------------------------------------+ Best States ------------- Heat Dissipation 59 Energy Generation 14 Energy Capacity 275 Matter Stores 300 Matter Capacity 300 Sight Range 16 Terrain Scan Range 16 Terrain Scan Density 10 Base Temperature (-) 100 Resistance: TH 20 Weapon Cycling 15 Evasion (%) 55 Target Analysis 6 Recoil Reduction 3 Offensive Hacking 10 Item Schematics ----------------- None Robot Schematics ------------------ None Fabricated ------------ Nothing Repaired ---------- Adv. Beam Rifle | 73% | -9/Materials Studied --------- None Alien Tech Used ----------------- None Achievements -------------- Gunslinger Let Me Out Of Here Challenges ------------ None Game ------ Seed ReinforcedBombardmentTube Manual? 0 Play Time 01:03:41 Cumulative 43.8 hours Start 2026.07.15 @ 15:36:00 End 2026.07.15 @ 16:43:14 Sessions 1 Manual Loads 0 Difficulty Rogue Special Mode None Game No. 56 Rogue 56 Adventurer 0 Explorer 0 Win Type - Total 0 Types 0/0/0/0/0/0/0/0/0/0 Lore% 39 Gallery% 29 Achievement% 27 Wizard Run 0 Options --------- Layout 1 ASCII 0 Keyboard 0 Movement Mouse Keybinds 0 Fullscreen 2 Font 18/SmallcapsGlow Map View 51x41 Zoom Use 0% Tactical HUD 0 Map Filters NONE Filters NONE Steam 1 RUN: f7fed822-1928-4b62-8dfd-df67e30226c3